 Dungeon Crawl Stone Soup version 0.20.1-1-g8b1a95d66d (webtiles) character file.

76 Gargoyl the Skirmisher (level 4, 0/38 HPs)
             Began as a Centaur Abyssal Knight on Dec 31, 2017.
             Was a Follower of Lugonu.
             Succumbed to a scorpion's poison
             ... on level 3 of the Dungeon.
             The game lasted 00:04:07 (2474 turns).

Gargoyl the Skirmisher (Centaur Abyssal Knight)     Turns: 2474, Time: 00:04:08

Health: 0/38       AC:  7    Str: 14    XL:     4   Next: 12%
Magic:  5/5        EV:  7    Int: 11    God:    Lugonu [*.....]
Gold:   54         SH:  5    Dex: 10    Spells: 3/3 levels left

rFire    . . .     SeeInvis .   a - +1 hand axe
rCold    . . .     Gourm    .   (no shield)
rNeg     . . .     Faith    .   e - +1 scale mail
rPois    .         Spirit   .   (no helmet)
rElec    .         Reflect  +   (no cloak)
rCorr    .         Harm     .   (no gloves)
MR       .....                  (no barding)
Stlth    ..........             d - +5 amulet of reflection
Regen    0.2/turn               (no ring)
MPRegen  0.1/turn               (no ring)

@: lethally poisoned (0 -> -23), very quick
A: hooves 3, deformed body, speed 2, tough skin 3
a: Depart the Abyss, Renounce Religion


You were on level 3 of the Dungeon.
You worshipped Lugonu.
Lugonu was aware of your devotion.
You were not hungry.

You visited 1 branch of the dungeon, and saw 3 of its levels.
You visited the Abyss 1 time.

You collected 54 gold pieces.

Inventory:

Hand Weapons
 a - a +1 hand axe (weapon)
Armour
 e - a +1 scale mail (worn)
 l - a +0 hat
Jewellery
 d - a +5 amulet of reflection (around neck)
Scrolls
 b - 4 scrolls of identify
Potions
 f - 2 potions of invisibility
 h - a potion of heal wounds
 i - a potion of lignification
 k - a potion of flight {unknown}
Comestibles
 c - 3 bread rations
 g - a chunk of flesh
 j - a royal jelly


   Skills:
 + Level 3.4 Fighting
 + Level 2.6 Axes
 * Level 1.8 Armour
 + Level 1.2 Dodging
 * Level 2.6 Invocations


You had 3 spell levels left.
You didn't know any spells.

Dungeon Overview and Level Annotations

Branches:
Dungeon (3/15)

Altars:
The Shining One


Innate Abilities, Weirdness & Mutations

You have hooves in place of feet.
Armour fits poorly on your strangely shaped body.
You cover ground very quickly.
You have extremely tough skin. (AC +3)


Message History

You kill the hobgoblin!
Lugonu accepts your kill. You block the scorpion's attack.
You completely miss the scorpion.
The scorpion is moderately wounded.
You feel sick. The scorpion stings you. x2
* * * LOW HITPOINT WARNING * * *
You are lethally poisoned!
The scorpion poisons you!
You closely miss the scorpion.
You kick the scorpion, but do no damage.
The scorpion is moderately wounded.
* * * LOW HITPOINT WARNING * * *
You feel sick. The scorpion stings you.
* * * LOW HITPOINT WARNING * * *
You are more poisoned.
The scorpion poisons you!
You closely miss the scorpion.
The scorpion is moderately wounded.
You die...

#.... ....
###.##
#...<#
#..).#
#....#
###....#
..#...)s.#
.......@.#
.##.#....#
#.#....# #
#....#
#...##
....#
.#...#
..#...#


You could see a scorpion.

Vanquished Creatures
  An adder (D:2)
  A worm (D:1)
  A leopard gecko (D:1)
  7 bats
  2 giant cockroaches (D:1)
  6 goblins
  5 hobgoblins
  17 jackals
  A quokka (D:1)
  A ball python (D:2)
  3 frilled lizards
  5 kobolds
  4 rats
54 creatures vanquished.

Notes
Turn   | Place    | Note
-------+----------+-------------------------------------------
     0 | Abyss:1  | Gargoyl the Centaur Abyssal Knight began the quest for the Orb.
     0 | Abyss:1  | Reached XP level 1. HP: 19/19 MP: 2/2
    88 | Abyss:2  | Noticed a large abomination
    96 | Abyss:2  | Noticed a wretched star
    96 | D:1      | Escaped the Abyss
   520 | D:1      | Reached XP level 2. HP: 25/26 MP: 3/3
   888 | D:1      | Reached skill level 1 in Dodging
  1194 | D:1      | Reached * piety under Lugonu
  1194 | D:1      | Reached XP level 3. HP: 31/31 MP: 4/4
  1710 | D:2      | Found a glowing golden altar of the Shining One.
  2213 | D:2      | Reached XP level 4. HP: 38/38 MP: 5/5
  2474 | D:3      | Succumbed to a scorpion's poison

Skill      XL: |  1  2 |
---------------+-------+-----
Axes           | 2 |  2.6
Dodging        | 1 |  1.2
Fighting       | |  3.4
Armour         | |  1.8
Invocations    | |  2.6

Action                   |  1- 3 |  4- 6 || total
-------------------------+-------+-------++-------
Melee: Hand axe          |   141 |    30 ||   171
       Kick              |    14 |     4 ||    18
Invok: Depart the Abyss  |     1 |       ||     1
  Use: Scroll            |     8 |     5 ||    13
  Eat: Chunk             |     3 |     1 ||     4
Armor: Leather armour    |    24 |       ||    24
       Scale mail        |    62 |    13 ||    75
Dodge: Dodged            |    73 |    16 ||    89
Block: Other             |    37 |     8 ||    45
